[Event "Titled Tuesday Blitz May 25 2021"]
[White "Kretov, Evgenij"]
[Black "Yoo, Christopher Woojin"]
[WhiteFideId "4167821"]
[BlackFideId "30909694"]
[WhiteElo "2381"]
[BlackElo "2009"]
[Result "0-1"]
[Round "11"]
[TimeControl "180+1"]
[Date "2021.05.25"]
[WhiteClock "0:01:22"]
[BlackClock "0:01:49"]

1. d4 Nf6 2. c4 e6 3. Nc3 Bb4 4. Bg5 h6 5. Bh4 d5 6. cxd5 exd5 7. e3 g5 8. Bg3 Ne4 9. Qc2 h5 10. Bd3 h4 11. Be5 f6 12. Bxe4 dxe4 13. Qxe4 fxe5 14. Qxe5+ Kf7 15. Nf3 Rg8 16. O-O Nc6 17. Qe4 Bxc3 18. bxc3 Qf6 19. d5 Ne7 20. Nd4 Bf5 21. Nxf5 Qxf5 22. Qc4 Qxd5 23. Qxc7 Rac8 24. c4 Qxg2+ 25. Kxg2 Rxc7 26. Rac1 Rgc8 27. f4 g4 28. h3 g3 29. Kf3 Rxc4 30. Rb1 b6 31. Kg4 Rg8+ 32. Kf3 g2 33. Rg1 Rg3+ 34. Kf2 Rc2+ 0-1


[Site "https://www.chess.com"]

[Event "Titled Tuesday Blitz May 25 2021"]
[White "Krivonosov, Oleg"]
[Black "Provotorov, Ivan"]
[WhiteFideId "11600349"]
[BlackFideId "4154657"]
[WhiteElo "2727"]
[BlackElo "2562"]
[Result "1/2-1/2"]
[Round "11"]
[TimeControl "180+1"]
[Date "2021.05.25"]
[WhiteClock "0:00:29"]
[BlackClock "0:00:15"]

1. Nf3 Nf6 2. c4 c6 3. d4 d5 4. cxd5 cxd5 5. Nc3 Nc6 6. Bf4 a6 7. Rc1 Ne4 8. a3 Bf5 9. e3 Nxc3 10. Rxc3 e6 11. Bd3 Bxd3 12. Qxd3 Bd6 13. Bxd6 Qxd6 14. O-O O-O 15. Rfc1 Rac8 16. Ne5 Ne7 17. Rxc8 Rxc8 18. Rxc8+ Nxc8 19. Qc3 Ne7 20. Nd3 b6 21. g3 f6 22. Kf1 Kf7 23. Ke2 g5 24. h3 h5 25. Qb4 Qc6 26. Kd2 Nf5 27. Qc3 Qd7 28. Qb4 Nd6 29. b3 Qc6 30. f3 Nf5 31. g4 Nh4 32. Ne1 hxg4 33. hxg4 Qc7 34. Qa4 a5 35. Qb5 Ke7 36. b4 Qh2+ 37. Qe2 Qd6 38. Qb5 Qh2+ 39. Qe2 Qd6 40. Qb5 Qh2+ 1/2-1/2


[Site "https://www.chess.com"]

[Event "Titled Tuesday Blitz May 25 2021"]
[White "Lazavik, Denis"]
[Black "Tejedor Fuente, Enrique"]
[WhiteFideId "13515110"]
[BlackFideId "2299100"]
[WhiteElo "2436"]
[BlackElo "2535"]
[Result "1-0"]
[Round "11"]
[TimeControl "180+1"]
[Date "2021.05.25"]
[WhiteClock "0:00:52"]
[BlackClock "0:00:01"]

1. d4 c5 2. d5 b5 3. e4 c4 4. a4 Qa5+ 5. Bd2 b4 6. Bxc4 Ba6 7. Bxa6 Nxa6 8. Nf3 Nf6 9. Qe2 d6 10. O-O g6 11. Nd4 Bg7 12. Nc6 Qb6 13. Be3 Nc5 14. Nd2 Nfd7 15. Nc4 Qc7 16. e5 dxe5 17. Nxe7 Nb7 18. Nc6 O-O 19. Rad1 a5 20. Ne7+ Kh8 21. d6 Nxd6 22. Nxd6 Nf6 23. Nef5 gxf5 24. Nxf5 Rg8 25. Bg5 Ne8 26. Qh5 Bf6 27. Nh6 Rg6 28. Bxf6+ Nxf6 29. Qxe5 Qb7 30. Ng4 Re8 31. Qd4 Re2 32. g3 Rxg4 33. Qxf6+ Rg7 34. Rd8+ 1-0


[Site "https://www.chess.com"]

[Event "Titled Tuesday Blitz May 25 2021"]
[White "Leitao, Rafael"]
[Black "Pridorozhni, Aleksei"]
[WhiteFideId "2101246"]
[BlackFideId "4127870"]
[WhiteElo "2609"]
[BlackElo "2565"]
[Result "1/2-1/2"]
[Round "11"]
[TimeControl "180+1"]
[Date "2021.05.25"]
[WhiteClock "0:00:25"]
[BlackClock "0:00:37"]

1. c4 e6 2. g3 d5 3. Bg2 Nf6 4. Nf3 dxc4 5. Qa4+ Nbd7 6. Qxc4 a6 7. Qc2 c5 8. d4 Be7 9. O-O O-O 10. Rd1 Qb6 11. Nc3 Qa7 12. a4 b6 13. Ne5 Bb7 14. Nc6 Bxc6 15. Bxc6 Rac8 16. Bg2 cxd4 17. Rxd4 Bc5 18. Rd1 Ng4 19. e3 Ngf6 20. Bd2 Rfd8 21. Be1 Qb8 22. Qe2 a5 23. Nb5 Ne5 24. Bc3 Nd5 25. Bxd5 exd5 26. Bd4 Nc6 27. Kg2 Nxd4 28. Nxd4 Qe5 29. Rd3 Qe4+ 30. f3 Qe5 31. Rad1 Re8 32. Nb5 h5 33. Rxd5 Qxe3 34. Qxe3 Rxe3 35. Rxh5 Re2+ 36. Kh3 Rxb2 37. Rd7 Rb4 38. Rh4 Rxh4+ 39. Kxh4 Re8 40. Nd6 Bxd6 41. Rxd6 Re2 42. Kh3 Rb2 43. g4 Rb4 44. Kg3 g6 45. h4 Kg7 46. h5 gxh5 47. gxh5 Rxa4 48. Rxb6 Ra1 49. Ra6 a4 50. Kf4 a3 51. Kf5 Rh1 52. Rxa3 Rxh5+ 53. Kg4 1/2-1/2


[Site "https://www.chess.com"]

[Event "Titled Tuesday Blitz May 25 2021"]
[White "Madaminov, Mukhiddin"]
[Black "Golubev, Mikhail"]
[WhiteFideId "14210703"]
[BlackFideId "14100983"]
[WhiteElo "1747"]
[BlackElo "2374"]
[Result "1-0"]
[Round "11"]
[TimeControl "180+1"]
[Date "2021.05.25"]
[WhiteClock "0:00:03"]
[BlackClock "0:00:01"]

1. e4 c5 2. Nf3 d6 3. Bb5+ Nc6 4. O-O Bd7 5. Re1 Nf6 6. c3 a6 7. Bf1 Bg4 8. h3 Bxf3 9. Qxf3 g6 10. d3 Bg7 11. Nd2 O-O 12. Nc4 Nd7 13. h4 b5 14. Ne3 b4 15. Bd2 Rb8 16. Nc4 Nde5 17. Nxe5 Bxe5 18. h5 bxc3 19. bxc3 Rb2 20. Bh6 Bxc3 21. Reb1 Nd4 22. Qh3 Rc2 23. Bxf8 Qxf8 24. a3 Bxa1 25. Rxa1 Rb2 26. Rc1 Rb8 27. e5 e6 28. Qe3 d5 29. Rc3 Rb1 30. Rc1 Qb8 31. h6 Rxc1 32. Qxc1 Nb3 33. Qg5 Qf8 34. g3 Nd4 35. Kg2 Nf5 36. Qc1 Qxh6 37. Qxc5 1-0


[Site "https://www.chess.com"]

[Event "Titled Tuesday Blitz May 25 2021"]
[White "Maevsky, Nikolay"]
[Black "Stoleriu, George"]
[WhiteFideId "4198220"]
[BlackFideId "1227505"]
[WhiteElo "2282"]
[BlackElo "2227"]
[Result "1-0"]
[Round "11"]
[TimeControl "180+1"]
[Date "2021.05.25"]
[WhiteClock "0:02:23"]
[BlackClock "0:01:49"]

1. d4 e6 2. Nf3 Nf6 3. e3 b6 4. Bd3 Bb7 5. Nbd2 g6 6. O-O d6 7. e4 Nbd7 8. Re1 Bg7 9. c3 O-O 10. a4 a5 11. h3 e5 12. Qc2 Re8 13. d5 Nh5 14. g3 Nc5 15. Bb5 Rf8 16. b4 Nd7 17. Nb3 f5 18. Ng5 Qf6 19. Ne6 Rf7 20. Bg5 1-0


[Site "https://www.chess.com"]

[Event "Titled Tuesday Blitz May 25 2021"]
[White "Marcziter, Dmitrii"]
[Black "Ronka, Erik"]
[WhiteFideId "13900765"]
[BlackFideId "505080"]
[WhiteElo "2155"]
[BlackElo "2264"]
[Result "0-1"]
[Round "11"]
[TimeControl "180+1"]
[Date "2021.05.25"]
[WhiteClock "0:00:59"]
[BlackClock "0:00:24"]

1. d4 d5 2. c4 e6 3. Nc3 a6 4. cxd5 exd5 5. Qc2 c6 6. Nf3 Nf6 7. Bg5 Be6 8. e3 Nbd7 9. Bd3 h6 10. Bh4 Bd6 11. O-O O-O 12. e4 dxe4 13. Nxe4 Be7 14. Bg3 Nxe4 15. Bxe4 Nf6 16. Bd3 Bd5 17. Ne5 Re8 18. Rfe1 Qa5 19. a3 Rad8 20. h3 Qb6 21. Qc3 Be6 22. Rad1 Qb3 23. Qd2 c5 24. dxc5 Bxc5 25. Qe2 Ba7 26. Bc2 Qxg3 27. Rxd8 Rxd8 28. Nf3 Qf4 29. Rd1 Rxd1+ 30. Qxd1 Bd5 31. Qd3 g6 32. Nd2 Qxf2+ 0-1


[Site "https://www.chess.com"]

[Event "Titled Tuesday Blitz May 25 2021"]
[White "Martin Carmona, Gaston Manuel"]
[Black "Mohammad Fahad, Rahman"]
[WhiteFideId "22284567"]
[BlackFideId "10207791"]
[WhiteElo "2144"]
[BlackElo "2323"]
[Result "1-0"]
[Round "11"]
[TimeControl "180+1"]
[Date "2021.05.25"]
[WhiteClock "0:00:05"]
[BlackClock "0:00:03"]

1. e4 c5 2. Nf3 d6 3. d4 cxd4 4. Nxd4 Nf6 5. Nc3 Nc6 6. Be2 g6 7. O-O Bg7 8. Nb3 O-O 9. Re1 Be6 10. Bf1 a6 11. Nd5 b5 12. Bg5 Rc8 13. Nxf6+ exf6 14. Bf4 Ne5 15. c3 Bc4 16. a4 Qb6 17. axb5 Qxb5 18. Bxe5 dxe5 19. Bxc4 Rxc4 20. Ra5 Qb6 21. Ra3 Rd8 22. Qe2 Rc6 23. Na5 Re6 24. Nc4 Qb5 25. Ra5 Qc6 26. f3 Bf8 27. b3 Qb7 28. Qc2 Rc6 29. Ra4 Rb8 30. Rb1 Qc7 31. h3 Bh6 32. Qa2 Kg7 33. Rxa6 Rxa6 34. Qxa6 Qc5+ 35. Kh1 Qf2 36. Nd6 Bf4 37. Qf1 Qg3 38. Qg1 Rd8 39. Nc4 Rd3 40. b4 Rxc3 41. Nd6 Rxf3 42. Ne8+ Kf8 43. Nxf6 Qh4 44. Ng4 Rg3 45. Qc5+ Kg7 46. Qf2 Rxh3+ 47. gxh3 Qxh3+ 48. Nh2 Qd3 49. Rg1 Qxe4+ 50. Qg2 Qxb4 51. Nf3 h6 52. Qh3 Qe4 53. Qg2 g5 54. Nh2 Qf5 55. Nf1 e4 56. Ng3 Qe5 57. Nxe4 f5 58. Nf2 Kg6 59. Nd3 Qe3 60. Nxf4+ Qxf4 61. Qc6+ Kh5 62. Qe8+ Kh4 63. Qe1+ Kh5 64. Qe2+ Kg6 65. Qe6+ Kh5 66. Qe2+ Kg6 67. Rg2 g4 68. Qe6+ Kg5 69. Qe7+ Kg6 70. Qe8+ Kg5 71. Qg8+ Kh5 72. Rh2+ Qxh2+ 73. Kxh2 Kh4 74. Qg6 h5 75. Qf6# 1-0


[Site "https://www.chess.com"]

[Event "Titled Tuesday Blitz May 25 2021"]
[White "Martinez Alcantara, Jose Eduardo"]
[Black "Papasimakopoulos, Alexandros"]
[WhiteFideId "3805662"]
[BlackFideId "4244125"]
[WhiteElo "2690"]
[BlackElo "2352"]
[Result "1-0"]
[Round "11"]
[TimeControl "180+1"]
[Date "2021.05.25"]
[WhiteClock "0:00:18"]
[BlackClock "0:00:34"]

1. e4 e6 2. d4 d5 3. Nc3 Bb4 4. e5 b6 5. a3 Bf8 6. f4 Nh6 7. Nf3 Be7 8. Be3 Nf5 9. Bf2 h5 10. g3 Ba6 11. Bxa6 Nxa6 12. Qd3 Nb8 13. Nd1 c5 14. c3 Nc6 15. Ne3 Nxe3 16. Bxe3 g6 17. b4 c4 18. Qb1 Kf8 19. a4 Kg7 20. Kf2 a6 21. Kg2 Kf8 22. h3 Ke8 23. Bd2 Kd7 24. Qc2 Qg8 25. Rab1 Na7 26. g4 hxg4 27. hxg4 Qg7 28. Be3 Rag8 29. b5 a5 30. Qf2 Nc8 31. Qd2 Bd8 32. Bf2 Kc7 33. Rbf1 Qf8 34. Qc1 Be7 35. Bg3 Ba3 36. Qc2 Be7 37. Qd2 Kb7 38. Bh4 Bxh4 39. Nxh4 g5 40. fxg5 Qg7 41. g6 fxg6 42. Qg5 Qe7 43. Qxe7+ Nxe7 44. Rf7 Re8 45. Nxg6 Rhg8 46. Rh6 Rxg6 47. Rxg6 Kc8 48. Rxe6 Kd7 49. Rexe7+ Rxe7 50. Rxe7+ Kxe7 51. Kh3 Kd7 52. Kh4 Kc7 53. Kh5 Kb7 54. Kh6 Ka7 55. g5 Ka8 56. g6 Ka7 57. g7 Ka8 58. Kh7 Ka7 59. Kg6 Ka8 60. Kf7 Kb7 61. e6 Ka7 62. e7 Ka8 63. g8=R+ Kb7 64. e8=R Ka7 65. Re7# 1-0


[Site "https://www.chess.com"]

[Event "Titled Tuesday Blitz May 25 2021"]
[White "Matveev, Vladimir"]
[Black "Mickiewicz, Piotr"]
[WhiteFideId "24130753"]
[BlackFideId "1114891"]
[WhiteElo "2383"]
[BlackElo "2263"]
[Result "1-0"]
[Round "11"]
[TimeControl "180+1"]
[Date "2021.05.25"]
[WhiteClock "0:00:10"]
[BlackClock "0:00:16"]

1. d4 Nf6 2. c4 g6 3. Nc3 Bg7 4. e4 d6 5. Be2 O-O 6. Nf3 e5 7. O-O Nbd7 8. Be3 Ng4 9. Bg5 f6 10. Bc1 Nh6 11. Re1 Nf7 12. Be3 c6 13. c5 dxc5 14. dxc5 Qe7 15. b4 Bh6 16. Bxh6 Nxh6 17. Nd2 Kg7 18. Nc4 Nf7 19. Qb3 b6 20. cxb6 Nxb6 21. Na5 Be6 22. Qb2 Rac8 23. Rac1 Rfd8 24. a3 Rd4 25. Ba6 Rc7 26. f3 Nd6 27. Ne2 Ndc4 28. Nxc4 Nxc4 29. Qa1 c5 30. bxc5 Qxc5 31. Nxd4 exd4 32. Kh1 Qd6 33. Bxc4 Bxc4 34. Red1 d3 35. Qc3 Kh6 36. Rxd3 Bxd3 37. Qxc7 Qxa3 38. Qf4+ Kh5 39. g4+ Kh4 40. g5+ Kh5 41. Qg4# 1-0


[Site "https://www.chess.com"]

[Event "Titled Tuesday Blitz May 25 2021"]
[White "Mikhailovsky, Vladimir"]
[Black "Sawlin, Leonid"]
[WhiteFideId "34105414"]
[BlackFideId "4689542"]
[WhiteElo "2308"]
[BlackElo "2412"]
[Result "1-0"]
[Round "11"]
[TimeControl "180+1"]
[Date "2021.05.25"]
[WhiteClock "0:01:54"]
[BlackClock "0:02:18"]

1. g4 d5 2. Bg2 Bxg4 3. c4 Nf6 4. Qb3 Nbd7 5. Qxb7 Rb8 6. Qxa7 e6 7. cxd5 exd5 8. Nc3 Bc5 9. Qa4 O-O 10. Nxd5 Re8 11. Ne3 Bxe3 12. dxe3 Nc5 13. Qc2 Na6 14. a3 c5 15. Nf3 Qb6 16. O-O Be6 17. Nd2 h6 18. Nc4 Qb5 19. Nd6 1-0


[Site "https://www.chess.com"]

[Event "Titled Tuesday Blitz May 25 2021"]
[White "Mikhalevski, Victor"]
[Black "Makhnev, Denis"]
[WhiteFideId "2801914"]
[BlackFideId "13707647"]
[WhiteElo "2567"]
[BlackElo "2549"]
[Result "1-0"]
[Round "11"]
[TimeControl "180+1"]
[Date "2021.05.25"]
[WhiteClock "0:01:29"]
[BlackClock "0:01:23"]

1. d4 d5 2. c4 c6 3. cxd5 cxd5 4. Bg5 Nc6 5. Nc3 Bf5 6. Qb3 Nxd4 7. Qa4+ Nc6 8. Rd1 Nf6 9. Bxf6 exf6 10. e4 Bd7 11. exd5 Ne5 12. Bb5 a6 13. Bxd7+ Qxd7 14. Qh4 Rc8 15. Nge2 Rc4 16. Qg3 Qg4 17. f4 Qxg3+ 18. hxg3 Ng4 19. d6 Kd7 20. Rh5 g6 21. Ra5 Bxd6 22. Rad5 Rc6 23. Ne4 1-0


[Site "https://www.chess.com"]

[Event "Titled Tuesday Blitz May 25 2021"]
[White "Mirzoev, Azer"]
[Black "Timofeev, Artyom"]
[WhiteFideId "13400304"]
[BlackFideId "4140419"]
[WhiteElo "2525"]
[BlackElo "2582"]
[Result "1/2-1/2"]
[Round "11"]
[TimeControl "180+1"]
[Date "2021.05.25"]
[WhiteClock "0:00:08"]
[BlackClock "0:00:17"]

1. d4 Nf6 2. Nf3 g6 3. g3 b6 4. Bg2 Bb7 5. O-O Bg7 6. b3 O-O 7. Bb2 a5 8. c4 d5 9. Nbd2 a4 10. e3 a3 11. Bc3 c5 12. Rc1 Nbd7 13. Ne5 e6 14. Nxd7 Nxd7 15. dxc5 Nxc5 16. Bxg7 Kxg7 17. cxd5 Bxd5 18. Nc4 Bxc4 19. Rxc4 Qxd1 20. Rxd1 Rad8 21. Rdd4 f5 22. b4 Nd3 23. Rc7+ Kf6 24. Rxh7 Rxd4 25. exd4 Nxb4 26. Ra7 Rd8 27. Rxa3 Rxd4 28. Bf1 Rd1 29. Rb3 Nxa2 30. Rxb6 Nc3 31. Rb2 e5 32. Kg2 Ne4 33. h4 f4 34. gxf4 exf4 35. Be2 Re1 36. Bf3 Nd6 37. Rd2 Nf5 38. Kh3 Re8 39. Bg4 Rh8 40. Bxf5 Kxf5 41. f3 Re8 42. Rd5+ Kf6 43. Kg4 Re1 44. Kxf4 Rh1 45. Kg3 Rg1+ 46. Kf2 Rh1 47. Kg3 Rg1+ 48. Kf2 Rh1 49. Kg3 1/2-1/2


[Site "https://www.chess.com"]

[Event "Titled Tuesday Blitz May 25 2021"]
[White "Morefield, Jason"]
[Black "Sumaneev, Dmitry"]
[WhiteFideId "30920825"]
[BlackFideId "4125312"]
[WhiteElo "2171"]
[BlackElo "2529"]
[Result "1-0"]
[Round "11"]
[TimeControl "180+1"]
[Date "2021.05.25"]
[WhiteClock "0:00:34"]
[BlackClock "0:00:03"]

1. b3 e5 2. Bb2 d6 3. c4 Nf6 4. e3 g6 5. Nf3 Bg7 6. d4 e4 7. Nfd2 c6 8. Nc3 d5 9. cxd5 cxd5 10. Ba3 Nc6 11. Nb5 Bf8 12. Bxf8 Kxf8 13. Qc1 Kg7 14. Be2 a6 15. Nc3 Ne7 16. Qa3 Bf5 17. O-O h5 18. Rfc1 h4 19. h3 g5 20. f3 exf3 21. Bxf3 Qd7 22. Rf1 Ng6 23. Rad1 Rae8 24. Qc5 Rc8 25. Qb4 g4 26. hxg4 Bxg4 27. e4 Bxf3 28. Rxf3 dxe4 29. Ndxe4 Nxe4 30. Nxe4 h3 31. d5 hxg2 32. Qd4+ Kf8 33. Nf6 1-0


[Site "https://www.chess.com"]

[Event "Titled Tuesday Blitz May 25 2021"]
[White "Najdin, Danil"]
[Black "Hebden, Mark L"]
[WhiteFideId "4172426"]
[BlackFideId "400084"]
[WhiteElo "2193"]
[BlackElo "2457"]
[Result "0-1"]
[Round "11"]
[TimeControl "180+1"]
[Date "2021.05.25"]
[WhiteClock "0:00:03"]
[BlackClock "0:00:13"]

1. e4 e5 2. Nf3 Nc6 3. Nc3 Nf6 4. Bb5 Nd4 5. Bc4 d6 6. d3 Bg4 7. h3 Nxf3+ 8. gxf3 Bh5 9. Be3 c6 10. d4 Qc7 11. Be2 Bg6 12. Qd2 b5 13. a3 a6 14. O-O-O Be7 15. h4 Nh5 16. f4 exf4 17. Bxf4 Nxf4 18. Qxf4 h5 19. Qg3 O-O-O 20. f4 Rdg8 21. f5 Bh7 22. Rhf1 Bf6 23. Bxh5 a5 24. Be2 b4 25. axb4 axb4 26. Na4 Re8 27. Qd3 Qa5 28. b3 Bxh4 29. Rh1 Bf6 30. Kb1 Kc7 31. Qc4 d5 32. exd5 Qxd5 33. Qxd5 cxd5 34. Bf3 Bxf5 35. Rxh8 Rxh8 36. Bxd5 Be6 37. Bxe6 fxe6 38. Nc5 Kd6 39. Ne4+ Kd5 40. Nxf6+ gxf6 41. Kb2 Rh4 42. c3 Rh2+ 43. Kc1 bxc3 44. Rf1 f5 45. Rf4 Rh3 46. Kc2 Re3 47. Rh4 Re4 48. Rh8 Rxd4 49. Kxc3 Rg4 50. Rd8+ Ke4 51. b4 Rg1 52. b5 Rb1 53. Kc4 f4 54. Kc5 f3 55. Rf8 e5 56. b6 Ke3 57. Kc6 e4 58. b7 Ke2 59. b8=Q Rxb8 60. Rxb8 f2 61. Rb2+ Kf3 62. Rb1 e3 63. Kd5 e2 0-1


[Site "https://www.chess.com"]

[Event "Titled Tuesday Blitz May 25 2021"]
[White "Nazaretyan, Tigran"]
[Black "Belenkaya, Dina"]
[WhiteFideId "24162345"]
[BlackFideId "24142654"]
[WhiteElo "2247"]
[BlackElo "2247"]
[Result "0-1"]
[Round "11"]
[TimeControl "180+1"]
[Date "2021.05.25"]
[WhiteClock "0:00:23"]
[BlackClock "0:00:19"]

1. d4 d5 2. c4 dxc4 3. e3 Nf6 4. Bxc4 a6 5. Nf3 e6 6. O-O c5 7. b3 b6 8. Bb2 Nbd7 9. Qe2 Bb7 10. Rd1 Be7 11. Nbd2 O-O 12. Rac1 cxd4 13. Nxd4 Bc5 14. N2f3 Qe7 15. Bd3 Rfc8 16. e4 Ng4 17. e5 Bxf3 18. Nxf3 Nxf2 19. Rxc5 Nxd1 20. Rxc8+ Rxc8 21. Qxd1 Qc5+ 22. Kh1 b5 23. h3 Qf2 24. Qb1 h6 25. Kh2 Qe3 26. Kg3 h5 27. Bd4 h4+ 28. Kg4 f5+ 29. exf6 Nxf6+ 30. Bxf6 gxf6 31. Bh7+ Kh8 32. Qg6 Rf8 33. Qh5 Kg7 34. Qg6+ Kh8 35. Kxh4 Qf4+ 36. Kh5 Rd8 37. Qh6 Rd5+ 38. Bf5+ Qxh6+ 39. Kxh6 Rxf5 40. Kg6 Rf4 41. Kf7 e5 42. Ke6 e4 43. Nd4 e3 44. Ne2 Rf2 45. Nd4 e2 46. Nxe2 Rxe2+ 47. Kxf6 Rxg2 48. a4 Ra2 49. axb5 axb5 50. Ke5 Rb2 51. Kd4 Rxb3 52. h4 b4 53. Kc5 Rb1 54. Kc4 b3 55. Kc3 b2 56. Kc2 Rh1 57. Kxb2 Rxh4 58. Kc3 Kg7 59. Kd3 Kf6 60. Ke3 Ke5 61. Kf3 Kf5 62. Kg3 Rd4 63. Kf3 Rd3+ 64. Ke2 Ke4 65. Kf2 Rd2+ 66. Ke1 Ke3 67. Kf1 Rc2 68. Kg1 Kf3 69. Kh1 Kg3 0-1


[Site "https://www.chess.com"]

[Event "Titled Tuesday Blitz May 25 2021"]
[White "Niraj, Saripalli"]
[Black "Djordjevic, Vuk"]
[WhiteFideId "5045657"]
[BlackFideId "902098"]
[WhiteElo "2113"]
[BlackElo "2463"]
[Result "1-0"]
[Round "11"]
[TimeControl "180+1"]
[Date "2021.05.25"]
[WhiteClock "0:00:42"]
[BlackClock "0:00:01"]

1. d4 Nf6 2. Bg5 d5 3. e3 c5 4. c3 e6 5. Nd2 Be7 6. Bd3 Nbd7 7. f4 h6 8. Bxf6 Bxf6 9. Ngf3 g5 10. Ne5 gxf4 11. exf4 cxd4 12. Qh5 Bxe5 13. fxe5 dxc3 14. O-O Qb6+ 15. Kh1 cxd2 16. Qxf7+ Kd8 17. Qg7 Re8 18. Bg6 Re7 19. Qxh6 Qd4 20. Rad1 Qxe5 21. Rxd2 b6 22. Qh4 Qd6 23. Rf7 Ne5 24. Qh8+ Re8 25. Qf6+ Re7 26. Rxe7 Qxe7 27. Qxe5 Bb7 28. Rf2 Rc8 29. h3 Rc1+ 30. Kh2 Ba6 31. Rf7 1-0


[Site "https://www.chess.com"]

[Event "Titled Tuesday Blitz May 25 2021"]
[White "Odinaev, Timur"]
[Black "Arpita, Mukherjee"]
[WhiteFideId "4163770"]
[BlackFideId "5056403"]
[WhiteElo "2306"]
[BlackElo "1934"]
[Result "0-1"]
[Round "11"]
[TimeControl "180+1"]
[Date "2021.05.25"]
[WhiteClock "0:00:12"]
[BlackClock "0:01:03"]

1. d4 Nf6 2. c4 g6 3. g3 Bg7 4. Bg2 d6 5. Nc3 O-O 6. Nf3 Nbd7 7. O-O e5 8. e4 c6 9. h3 exd4 10. Nxd4 Nc5 11. Re1 Re8 12. Qc2 a5 13. Bf4 Nh5 14. Be3 a4 15. Rad1 Qa5 16. Nde2 Be6 17. g4 Nf6 18. b3 axb3 19. axb3 Qb4 20. Nd4 Ra3 21. Rb1 Nfd7 22. Nxe6 Nxe6 23. Na2 Qa5 24. Re2 Nd4 25. Bxd4 Bxd4 26. b4 Qa4 27. Qxa4 Rxa4 28. b5 c5 29. e5 Nxe5 30. Bxb7 Rb8 31. Bd5 Nxc4 32. Nc1 Ne5 33. Kg2 g5 34. h4 h6 35. hxg5 hxg5 36. Nb3 Ng6 37. Nxd4 Rxd4 38. Bc6 Nf4+ 39. Kf3 Nxe2 40. Kxe2 Rxg4 41. Kf3 Rb4 42. Rxb4 cxb4 43. Ke3 Kg7 44. Kd3 Kf6 45. Kc4 Ke5 0-1


[Site "https://www.chess.com"]

[Event "Titled Tuesday Blitz May 25 2021"]
[White "Orlov, Oleg"]
[Black "Lamaze, Simon"]
[WhiteFideId "4166612"]
[BlackFideId "36069264"]
[WhiteElo "2395"]
[BlackElo "1938"]
[Result "0-1"]
[Round "11"]
[TimeControl "180+1"]
[Date "2021.05.25"]
[WhiteClock "0:00:19"]
[BlackClock "0:00:13"]

1. Nf3 c6 2. d4 g6 3. g3 Na6 4. Bg2 Nc7 5. e4 Bg7 6. h4 d5 7. e5 h5 8. Nbd2 Nh6 9. Nf1 Ng4 10. Ng1 Bf5 11. f3 Nh6 12. Ne3 Be6 13. g4 hxg4 14. fxg4 Qd7 15. Bh3 c5 16. c3 cxd4 17. cxd4 Rc8 18. Rh2 Nb5 19. a4 Nc7 20. Rc2 O-O 21. Ra3 Na6 22. Rac3 Nb4 23. Rxc8 Rxc8 24. Rc3 a5 25. Kf2 Rf8 26. Kg2 Nc6 27. Rd3 f6 28. exf6 exf6 29. Bd2 f5 30. g5 Ng4 31. Nf3 f4 32. Nxg4 Bxg4 33. Qh1 Qf5 34. Bxg4 Qxd3 35. h5 Qe2+ 36. Kh3 gxh5 37. Bxh5 Nxd4 38. Bxa5 Nxf3 39. Bxf3 Qe6+ 40. Bg4 Qe3+ 41. Kh4 Kf7 42. Qxd5+ Kg6 43. Bh5+ Kh7 44. g6+ Kh8 45. Qg5 Bf6 46. Bc3 Qg3# 0-1


[Site "https://www.chess.com"]

[Event "Titled Tuesday Blitz May 25 2021"]
[White "Pastar, Slaven"]
[Black "Skatchkov, Pavel"]
[WhiteFideId "14402718"]
[BlackFideId "4121848"]
[WhiteElo "2227"]
[BlackElo "2476"]
[Result "0-1"]
[Round "11"]
[TimeControl "180+1"]
[Date "2021.05.25"]
[WhiteClock "0:00:05"]
[BlackClock "0:00:07"]

1. b4 e5 2. Bb2 Nf6 3. Bxe5 Bxb4 4. Nf3 O-O 5. e3 Re8 6. Bb2 d5 7. c4 c5 8. cxd5 Nxd5 9. a3 Ba5 10. Qc2 Qe7 11. Ne5 Nd7 12. Nc4 Bc7 13. a4 N7f6 14. Nc3 Nb4 15. Qb1 Be6 16. Be2 Rad8 17. Nb5 Bb8 18. O-O a6 19. Nba3 Rd5 20. d4 cxd4 21. exd4 Bf5 22. Qe1 Qxe2 23. Qxb4 Qh5 24. Ne5 Bd6 25. Qb3 Be6 26. Qf3 Qxf3 27. Nxf3 Bg4 28. Ne5 Be6 29. Nac4 Bc7 30. Rac1 Rdd8 31. a5 Nd5 32. Rfd1 Nb4 33. Ba3 Nd5 34. g3 Rc8 35. Kg2 Red8 36. h3 Bb8 37. f4 Ba7 38. Nf3 Rxc4 39. Rxc4 Ne3+ 40. Kf2 Nxc4 41. Bc5 Bxc5 42. dxc5 Rxd1 0-1


[Site "https://www.chess.com"]

[Event "Titled Tuesday Blitz May 25 2021"]
[White "Perez Gormaz, Matias"]
[Black "Acor, Corey"]
[WhiteFideId "3406342"]
[BlackFideId "2024861"]
[WhiteElo "2414"]
[BlackElo "2804"]
[Result "1/2-1/2"]
[Round "11"]
[TimeControl "180+1"]
[Date "2021.05.25"]
[WhiteClock "0:00:08"]
[BlackClock "0:00:09"]

1. e4 e5 2. Nf3 Nc6 3. Bc4 Bc5 4. c3 Nf6 5. d3 O-O 6. Nbd2 d5 7. exd5 Nxd5 8. Ne4 Bb6 9. O-O Bg4 10. h3 Bh5 11. a4 Kh8 12. Ng3 Bg6 13. Re1 Re8 14. Bg5 f6 15. Bd2 Qd7 16. Nh4 Rad8 17. b4 a6 18. Qf3 Nce7 19. a5 Ba7 20. Rad1 c6 21. Nxg6+ Nxg6 22. Ne4 Ndf4 23. Bc1 Nh4 24. Qg4 Nhxg2 25. Qxd7 Rxd7 26. Rf1 Red8 27. Kh2 Nh4 28. Bxf4 exf4 29. d4 f3 30. Kg1 h6 31. Rb1 f5 32. Nc5 Re7 33. Rfe1 Rde8 34. Rxe7 Rxe7 35. Kf1 Ng2 36. Bd3 g6 37. Bc4 Nf4 38. h4 Kg7 39. Nd3 Ne2 40. Rb3 g5 41. hxg5 hxg5 42. Ne5 g4 43. Bxe2 fxe2+ 44. Kxe2 Bb8 45. f4 gxf3+ 46. Kxf3 Bxe5 47. dxe5 Rxe5 48. Rb1 Rd5 49. Ke3 Kf6 50. Rh1 Ke5 51. Rh7 f4+ 52. Ke2 Ke4 53. Re7+ Re5 54. Rxb7 f3+ 55. Kf2 Kd3 56. Rb6 Kxc3 57. Rxc6+ Kxb4 58. Rxa6 Rxa5 59. Rxa5 Kxa5 60. Kxf3 1/2-1/2


[Site "https://www.chess.com"]

[Event "Titled Tuesday Blitz May 25 2021"]
[White "Petukhov, Dmitry"]
[Black "Vlassov, Nikolai"]
[WhiteFideId "4142748"]
[BlackFideId "4103360"]
[WhiteElo "2356"]
[BlackElo "2407"]
[Result "0-1"]
[Round "11"]
[TimeControl "180+1"]
[Date "2021.05.25"]
[WhiteClock "0:00:30"]
[BlackClock "0:00:30"]

1. e4 Nc6 2. Nf3 d5 3. exd5 Qxd5 4. Nc3 Qa5 5. Bc4 Bg4 6. h3 Bh5 7. g4 Bg6 8. d3 O-O-O 9. Qe2 e5 10. Bd2 Nd4 11. Nxd4 exd4 12. Ne4 Bb4 13. O-O-O Nf6 14. Nxf6 gxf6 15. Bxb4 Qxb4 16. Rde1 h5 17. a3 Qd6 18. Qf3 hxg4 19. hxg4 Rxh1 20. Rxh1 Re8 21. Kb1 c6 22. Ka2 Kc7 23. Bb3 a5 24. a4 b5 25. axb5 cxb5 26. Bd5 Re5 27. Be4 Qe6+ 28. Kb1 Bxe4 29. dxe4 Rxe4 30. b3 a4 31. Rd1 axb3 32. cxb3 Re1 33. Qf4+ Kb7 34. Qxd4 Qxb3+ 35. Kc1 Rxd1+ 36. Qxd1 Qxd1+ 37. Kxd1 Kc6 38. Kd2 Kd5 39. Kc3 Ke4 40. Kb4 Kf3 41. Kxb5 Kxf2 42. Kc4 Kf3 0-1


[Site "https://www.chess.com"]

[Event "Titled Tuesday Blitz May 25 2021"]
[White "Piesik, Piotr"]
[Black "davigator"]
[WhiteFideId "1136194"]
[WhiteElo "2369"]
[BlackElo "2436"]
[Result "1-0"]
[Round "11"]
[TimeControl "180+1"]
[Date "2021.05.25"]
[WhiteClock "0:00:28"]
[BlackClock "0:00:18"]

1. Nf3 d5 2. g3 Bg4 3. Bg2 Nd7 4. O-O c6 5. d3 e5 6. Nbd2 Ngf6 7. e4 d4 8. h3 Bxf3 9. Qxf3 Bd6 10. Nc4 Bc7 11. a4 O-O 12. Qe2 b6 13. f4 a6 14. f5 b5 15. Nd2 Ne8 16. Nb3 Bd6 17. g4 Be7 18. Bd2 Nc7 19. Na5 Nb8 20. c3 Bc5 21. Kh2 f6 22. h4 Bb6 23. Nb3 Qe8 24. a5 Ba7 25. cxd4 exd4 26. Rac1 Qf7 27. Nc5 Bxc5 28. Rxc5 Re8 29. Bf4 Ra7 30. Qf2 Qd7 31. Rfc1 h6 32. Qg3 Kh8 33. g5 Rg8 34. Bf3 Qf7 35. Bd1 Re8 36. Bc2 Re7 37. Rg1 Re8 38. gxh6 gxh6 39. Bxh6 Rg8 40. Qxg8+ Qxg8 41. Rxg8+ Kxg8 42. Bf4 Kf7 43. b4 Rb7 44. Bb3+ Ke7 45. h5 Nd7 46. Rxc6 Ne8 47. Rxa6 Nf8 48. h6 Nh7 49. Bg8 Nf8 50. h7 Nxh7 51. Bxh7 Kf8 52. Bg6 Nc7 53. Rxf6+ Kg7 54. Rf7+ Kg8 55. Rxc7 Rb8 56. Rg7+ 1-0


[Site "https://www.chess.com"]